 Dungeon Crawl Stone Soup version 0.26-a0-980-g0fe3eaa9ac (webtiles) character file.

Game seed: 8497209795817363439

109 sahdkjhfkaj the Ruffian (level 4, -2/37 HPs)
             Began as a Minotaur Transmuter on Dec 5, 2020.
             Slain by Sigmund
             ... wielding a +3 scythe of flaming
              (5 damage)
             ... on level 2 of the Dungeon.
             The game lasted 00:03:05 (1628 turns).

sahdkjhfkaj the Ruffian (Minotaur Transmuter)       Turns: 1628, Time: 00:03:06

Health: -2/37      AC:  2    Str: 15    XL:     4   Next: 59%
Magic:  1/5        EV: 12    Int: 11    God:
Gold:   40         SH:  0    Dex: 10    Spells: 0/6 levels left

rFire    . . .     SeeInvis .     - Unarmed
rCold    . . .     Faith    .   (no shield)
rNeg     . . .     Spirit   .   a - +0 robe
rPois    .         Reflect  .   (helmet currently unavailable)
rElec    .         Harm     .   (no cloak)
rCorr    .         Rampage  .   (no gloves)
MR       .....                  (boots currently unavailable)
Stlth    +.........             (no amulet)
HPRegen  0.12/turn              (no ring)
MPRegen  0.09/turn              (no ring)

@: lethally poisoned (-2 -> -4), appendages, very slightly contaminated
A: retaliatory headbutt, horns 2, talons 2
a: End Transformation


You were on level 2 of the Dungeon.
You had grown temporary talons.
You visited 1 branch of the dungeon, and saw 2 of its levels.

You collected 40 gold pieces.

Inventory:

Armour
 a - a +0 robe (worn)
 k - a +2 kite shield
Jewellery
 e - a cursed ring of teleportation {unknown}
Scrolls
 c - 4 scrolls of identify {unknown}
 d - a scroll of amnesia
Potions
 b - a potion of mutation {unknown}
 f - a potion of might {unknown}
 h - a potion of curing {unknown}
 i - a potion of flight {unknown}
 j - a potion of attraction {unknown}
 l - 2 potions of brilliance {unknown}


   Skills:
 + Level 2.5 Fighting
 - Level 2.1 Dodging
 + Level 2.0 Shields
 + Level 4.0 Unarmed Combat
 + Level 1.9 Spellcasting
 + Level 2.2 Transmutations


You couldn't memorise any spells.
You knew the following spells:

 Your Spells              Type           Power        Failure   Level
a - Beastly Appendage     Tmut           #.....       12%         1
s - Wereblood             Tmut           #.......     17%         2
x - Spider Form           Tmut/Pois      #.........   50%         3

Your spell library contained the following spells:

 Spells                   Type           Power        Failure   Level
 Ice Form                 Ice/Tmut       #.......     88%         4
 Blade Hands              Tmut           #.........   97%         5


Dungeon Overview and Level Annotations

Branches:
Dungeon (2/15)

Altars:

Annotations:
D:2 Sigmund


Innate Abilities, Weirdness & Mutations

You reflexively headbutt those who attack you in melee.
You have a pair of horns on your head.
You have razor-sharp toenails.


Message History

You are very lightly contaminated with residual magic.
You feel incredibly sick!
You are poisoned.
You hear a shout!
You feel sick.
Casting: Spider Form (quite dangerous; 50% risk of failure)
Confirm with . or Enter, or press ? or * to list all spells.
Your feet morph into talons.
Sigmund appears from thin air!
Reactivating autopickup.
Sigmund hits you from afar with a +3 scythe of flaming.
Sigmund burns you.
You feel sick.
You closely miss Sigmund. Your kick misses Sigmund.
Sigmund hits you with a +3 scythe of flaming!
* * * LOW HITPOINT WARNING * * *
Sigmund burns you.
* * * LOW HITPOINT WARNING * * *
You hit Sigmund but do no damage. Your kick misses Sigmund.
Sigmund hits you with a +3 scythe of flaming.
You die...

#..# .#
##########)##.#
#........#..#.#
#........##.#.#
#........##...#
###..รท.....###..#
#.'............>#
#.#.......@######
#.#......@.#
#.#........########
#.#........##.....#
#.###########.###.#
########.# #.#<#.#
..).)))).# #.#.#.#
##############
#.#.#.#
.............#
#.#.#.#
############.#
#.#.#.#


You could see Sigmund.

Vanquished Creatures
  Natasha (twice) (D:2)
  Robin (D:2)
  2 adders (D:2)
  A giant cockroach (D:2)
  4 hobgoblins
  4 kobolds
  A quokka (D:2)
  2 bats
  3 frilled lizards (D:1)
  9 goblins
  3 rats
32 creatures vanquished.

Notes
Turn   | Place    | Note
-------+----------+-------------------------------------------
     0 | D:1      | sahdkjhfkaj the Minotaur Transmuter began the quest for the
                  | Orb.
     0 | D:1      | Reached XP level 1. HP: 16/16 MP: 1/1
   421 | D:1      | Reached XP level 2. HP: 20/23 MP: 3/3
   726 | D:2      | Noticed Natasha
   731 | D:2      | Noticed a crimson imp
   736 | D:2      | Killed Natasha
   737 | D:2      | Reached skill level 1 in Shields
   737 | D:2      | Reached XP level 3. HP: 18/29 MP: 4/4
  1110 | D:2      | Noticed Robin
  1126 | D:2      | Killed Robin
  1132 | D:2      | Reached XP level 4. HP: 21/37 MP: 5/5
  1179 | D:2      | Learned a level 2 spell: Wereblood
  1183 | D:2      | Learned a level 3 spell: Spider Form
  1350 | D:2      | Noticed Natasha
  1358 | D:2      | Killed Natasha
  1359 | D:2      | Reached skill level 4 in Unarmed Combat
  1586 | D:2      | Noticed Sigmund
  1628 | D:2      | Slain by Sigmund

Illustrated notes

Levels and vault maps discovered:
D:1:      minmay_arrival_semitransparent, layout_rooms, hex_medium
D:2:      layout_basic, uniq_sigmund, uniq_natasha, uniq_robin

Skill      XL: |  1  2  3  4 |
---------------+-------------+-----
Fighting       | 2 |  2.5
Shields        | 1 2 |  2.0
Transmutations | 2 |  2.2
Unarmed Combat | 4 |  4.0
Dodging        | |  2.1
Spellcasting   | |  1.9

Action                   |  1- 3 |  4- 6 || total
-------------------------+-------+-------++-------
Melee: Unarmed           |    66 |    24 ||    90
       Punch             |     2 |     1 ||     3
       Headbutt          |     5 |     1 ||     6
 Cast: Beastly Appendage |       |     1 ||     1
  Use: Scroll            |     2 |     1 ||     3
Armor: Robe              |     9 |     1 ||    10
Dodge: Dodged            |    33 |    14 ||    47
Block: Kite shield       |     7 |       ||     7

Table legend: (Time is in decaauts)
 A = Elapsed time spent in this place.
 B = Non-inter-level travel time spent in this place.
 C = Inter-level travel time spent in this place.
 D = Time resting spent in this place.
 E = Time spent auto-exploring this place.
 F = Levels seen in this place.
 G = Mean time per level.
                   A        B        C        D        E       F      G
               +--------+--------+--------+--------+--------+-----+--------+
         Total |   1625 |   1564 |     61 |     28 |   1239 |   2 |  812.5 |
       Dungeon |   1625 |   1564 |     61 |     28 |   1239 |   2 |  812.5 |
               +--------+--------+--------+--------+--------+-----+--------+

Top non-repeatable levels by time:
     D:2: 969 daAuts
     D:1: 655 daAuts
